 Dungeon Crawl Stone Soup version 0.30.0-5-g1a98f26d00 (webtiles) character file.

Game seed: 10716687079858857269

2 backslashecho the Trooper (level 1, -1/20 HPs)
             Began as a Djinni Berserker on May 11, 2023.
             Was a Follower of Trog.
             Slain by a hobgoblin (3 damage)
             ... on level 1 of the Dungeon.
             The game lasted 00:00:35 (30 turns).

backslashecho the Trooper (Djinni Berserker)          Turns: 30, Time: 00:00:36

Health: -1/20      AC:  2    Str: 16    XL:     1   Next: 44%
Gold:   10         EV: 12    Int:  8    God:    Trog [*.....] SH:  0 Dex: 12

rFire   + + .        a - +0 falchion
rCold   x . .        (no shield)
rNeg    . . .        b - +0 animal skin
rPois   ∞            (no helmet)
rElec   .            (no cloak)
rCorr   .            (no gloves)
SInv    .            (boots unavailable)
Will    .....        (no amulet)
Stlth   +            (no ring)
HPRegen 0.23/turn    (no ring)
MPRegen 0.00/turn

%: infuse magic (-2 HP)
@: flying
A: sickness immunity, fire resistance 2, cold vulnerability 1, float, innate
caster, HP casting, extra vitality 1
a: Renounce Religion, Berserk


You were on level 1 of the Dungeon.
You worshipped Trog.
Trog was aware of your devotion.
You visited 1 branch of the dungeon, and saw 1 of its levels.

You collected 10 gold pieces.

Inventory:

Hand Weapons
 a - a +0 falchion (weapon)
Armour
 b - a +0 animal skin (worn)
Scrolls
 c - a scroll of blinking {unknown}


   Skills:
 + Level 3.0 Fighting
 * Level 2.7 Long Blades
 - Level 2.0 Armour
 + Level 2.2 Dodging
 * Level 0.3 Unarmed Combat You didn't know any spells. Your spell library was empty.

Dungeon Overview and Level Annotations

Branches:
Dungeon (1/15)

Altars:


Innate Abilities, Weirdness & Mutations

You are immune to sickness and miasma.
You are immune to poison.
Your flesh is very heat resistant. (rF++)
You are vulnerable to cold. (rC-)
You float through the air rather than walking.
You learn spells naturally, not from books.
Your magical power is your life essence.
You have superior vitality. (+4 MHP)


Message History

You barely miss the kobold. The kobold hits you but does no damage.
You hit the endoplasm but do no damage. The kobold hits you with a +0 dagger.
The endoplasm closely misses you.
You take 1 damage, and have 19/20 hp.
The kobold misses you.
You barely miss the kobold. The kobold closely misses you.
A hobgoblin comes into view.
You hit the kobold.
You kill the kobold!
Trog accepts your kill. The endoplasm hits you. x2
You take 3 damage, and have 16/20 hp.
You hit the endoplasm.
The endoplasm is moderately wounded.
The endoplasm freezes you.
You are frozen.
You feel a terrible chill!
You take 3 damage, and have 13/20 hp.
You hit the endoplasm but do no damage.
The endoplasm is moderately wounded.
The endoplasm freezes you.
You are frozen.
You feel a terrible chill!
You take 3 damage, and have 10/20 hp.
You hit the endoplasm.
The endoplasm is heavily wounded.
The hobgoblin misses you. The endoplasm freezes you.
You are frozen.
You feel a terrible chill!
* * * LOW HITPOINT WARNING * * *
You take 4 damage, and have 6/20 hp.
The hobgoblin hits you.
* * * LOW HITPOINT WARNING * * *
You take 3 damage, and have 3/20 hp.
The hobgoblin attacks as you move away! The hobgoblin hits you.
* * * LOW HITPOINT WARNING * * *
You take 2 damage, and have 1/20 hp.
You closely miss the hobgoblin.
The hobgoblin hits you but does no damage.
You closely miss the hobgoblin. The hobgoblin misses you.
The hobgoblin barely misses you.
You hit the hobgoblin.
The hobgoblin is lightly wounded.
The hobgoblin misses you.
You hit the hobgoblin but do no damage.
The hobgoblin is lightly wounded.
The hobgoblin closely misses you.
Okay, then.
You hit the hobgoblin.
The hobgoblin is almost dead.
The hobgoblin hits you.
You die...

#....#<#......
#....#'#...### #.
#...⌠...⌠..#
#.#####.....!....#
>...................
.....##.........##..
.....##.#......... #
..........?...#####
.....#.@#...###
.....#.#g.....#
......).)J..##...
.........#### ##.
......!..#
.........#
....(....#
.#####.... ....#


You could see an endoplasm and a hobgoblin.

Vanquished Creatures
  An endoplasm (D:1)
  2 kobolds (D:1)
3 creatures vanquished.

Notes
Turn   | Place    | Note
-------+----------+-------------------------------------------
     0 | D:1      | backslashecho the Djinni Berserker began the quest for the
                  | Orb.
     0 | D:1      | Reached XP level 1. HP: 20/20 MP: 0/0
    25 | D:1      | HP: 1/20 [hobgoblin (2)]
    30 | D:1      | Slain by a hobgoblin

Illustrated notes

Levels and vault maps discovered:
D:1:      scummos_arrival_simple_fountains, layout_rooms,
          minmay_misc_feat_encased

Action                     || total
---------------------------++-------
  Melee: Falchion          ||    15
 Armour: Animal skin       ||     3
  Dodge: Dodged            ||    10
